Map: Pillars of Gold LE

Players

ShoWTimE

  • Race: Protoss Protoss
  • Spawn Location: 1:00

PtitDrogo - Winner!

  • Race: Protoss Protoss
  • League: Master
  • Spawn Location: 7:00

Event: DreamHack SC2 Masters 2020 Summer Europe

VOD

Have the link to the VOD?

Description

Time

  • Played on: July 9, 2020, 12:55 p.m.
  • Length: 9:13

All games in this series

Show
View Real Time Build Order
Export as new Build Order

ShoWTimE Protoss 

Build Orders: Phoenix Opening, Zealot Archon 

Get SALT Encoding   

  12  0:00  Probe  
  13  0:13  Probe  
  14  0:17  Pylon  
  14  0:24  Probe  
  15  0:32  Probe  
  15  0:39  Gateway  
  15  0:40  Probe  
  16  0:47  Assimilator  
  17  0:51  Probe  
  17  0:56  Assimilator  
  18  1:01  Probe  
  19  1:10  Probe  
  19  1:13  Gateway  
  20  1:19  Probe  
  21  1:27  Cybernetics Core  
  21  1:31  Probe  
  22  1:37  Pylon  
  22  1:43  Probe  
  23  1:55  Probe, Warp Gate  
  24  2:03  Stalker x2  
  28  2:08  Probe  
  29  2:16  Pylon  
  29  2:33  Sentry  
  29  2:34  Sentry  
  33  2:52  Nexus  
  33  2:53  Probe  
  34  3:01  Sentry  
  34  3:05  Probe  
  37  3:10  Phoenix  
  37  3:12  Shield Battery  
  37  3:17  Probe  
  38  3:26  Twilight Council  
  38  3:28  Pylon  
  38  3:29  Probe  
  39  3:46  Probe  
  39  3:47  Stalker  
  42  3:51  Phoenix  
  42  3:58  Probe  
  42  4:01  Shield Battery  
  43  4:03  Probe  
  43  4:05  Dark Shrine  
  43  4:06  Probe  
  43  4:07  Charge  
  44  4:11  Probe  
  44  4:14  Probe  
  46  4:20  Forge, Probe  
  49  4:31  Assimilator  
  49  4:35  Gateway  
  49  4:36  Stalker  
  50  4:40  Probe  
  50  4:42  Probe  
  50  4:43  Protoss Ground Weapons Level 1  
  47  4:50  Probe  
  44  4:54  Probe  
  44  4:58  Probe  
  45  5:01  Phoenix  
  45  5:06  Probe x2  
  47  5:08  Shield Battery  
  48  5:16  Probe  
  48  5:19  Gateway, Robotics Facility  
  49  5:22  Gateway, Probe  
  49  5:25  Probe  
  50  5:30  Assimilator  
  50  5:33  Probe  
  50  5:34  Probe  
  52  5:40  Adept x2  
  57  5:45  Probe  
  57  5:46  Probe  
  59  5:51  Gateway  
  59  5:55  Gateway  
  59  5:57  Probe  
  59  6:02  Warp Prism  
  60  6:06  Gateway  
  60  6:15  Templar Archives  
  58  6:27  Pylon  
  58  6:29  Immortal  
  58  6:36  Phoenix  
  62  6:41  Nexus  
  62  6:52  High Templar x3  
  62  6:53  High Templar  
  70  6:55  Pylon  
  70  6:57  Archon x2, Pylon  
  70  7:00  Pylon  
  70  7:03  Immortal  
  74  7:16  Pylon  
  74  7:24  High Templar x2  
  74  7:25  Zealot x2  
  74  7:28  Archon  
  82  7:30  Zealot  
  82  7:35  Observer, Zealot x2  
  88  7:39  Pylon  
  89  7:45  Zealot  
  89  7:46  Zealot  
  93  7:54  Warp Prism  
  93  7:57  Zealot x3  
  93  8:08  High Templar  
  93  8:09  High Templar  
  93  8:11  Probe x2  
  99  8:13  Archon  
  99  8:27  Shield Battery  
  95  8:33  Immortal  
  99  8:36  Zealot x2  
  99  8:37  Zealot  
  105  8:43  Zealot x2  
  103  8:49  Zealot  
  105  9:00  Zealot x3  
  91  9:05  Zealot x2  
Show
View Real Time Build Order
Export as new Build Order

PtitDrogo Protoss - Winner!

Build Orders:  

Get SALT Encoding   

  12  0:00  Probe  
  13  0:12  Probe  
  14  0:18  Pylon  
  14  0:24  Probe  
  15  0:32  Probe  
  15  0:39  Gateway  
  15  0:40  Probe  
  16  0:47  Assimilator  
  17  0:51  Probe  
  17  0:56  Assimilator  
  18  1:01  Probe  
  19  1:10  Probe  
  19  1:12  Gateway  
  20  1:18  Probe  
  21  1:27  Cybernetics Core  
  21  1:34  Probe  
  21  1:39  Pylon  
  22  1:46  Probe  
  23  2:03  Adept x2  
  23  2:04  Warp Gate  
  23  2:07  Pylon  
  27  2:16  Probe  
  28  2:28  Probe  
  29  2:37  Sentry x2  
  33  2:51  Nexus  
  33  2:55  Shield Battery  
  33  2:59  Probe  
  33  3:05  Sentry  
  35  3:11  Probe  
  38  3:21  Probe  
  38  3:22  Twilight Council  
  39  3:27  Pylon  
  39  3:29  Probe  
  38  3:35  Forge  
  38  3:38  Probe  
  39  3:50  Probe  
  39  3:53  Adept x2  
  44  4:00  Probe  
  44  4:02  Protoss Ground Weapons Level 1, Probe  
  45  4:08  Blink  
  46  4:14  Probe  
  46  4:18  Probe  
  46  4:23  Probe  
  48  4:25  Robotics Facility  
  48  4:30  Probe  
  50  4:31  Probe  
  51  4:42  Probe  
  52  4:50  Probe  
  52  4:52  Photon Cannon  
  47  4:54  Probe  
  47  4:57  Pylon  
  47  4:58  Stalker x2  
  52  5:04  Probe  
  52  5:06  Observer  
  53  5:10  Probe  
  53  5:16  Nexus  
  53  5:18  Probe  
  54  5:21  Pylon  
  54  5:25  Assimilator  
  54  5:30  Stalker  
  54  5:31  Stalker  
  58  5:38  Protoss Ground Weapons Level 2  
  58  5:39  Gateway, Probe  
  58  5:40  Probe  
  60  5:51  Probe  
  60  5:55  Photon Cannon, Phoenix  
  60  5:56  Probe  
  62  5:59  Charge  
  62  6:01  Stalker x2  
  62  6:04  Probe  
  67  6:08  Probe  
  68  6:15  Pylon  
  68  6:19  Warp Prism  
  68  6:25  Probe x2  
  72  6:29  Gateway x2  
  72  6:33  Stalker  
  72  6:37  Stalker  
  72  6:39  Probe  
  78  6:40  Probe  
  78  6:41  Probe  
  78  6:45  Stalker  
  81  6:53  Photon Cannon  
  81  6:55  Pylon  
  81  6:58  Gateway  
  81  6:59  Stalker  
  83  7:01  Stalker  
  83  7:05  Shield Battery  
  83  7:07  Pylon  
  85  7:11  Stalker  
  87  7:24  Stalker x4  
  95  7:32  Gateway  
  95  7:35  Gateway  
  95  7:37  Pylon  
  95  7:40  Stalker  
  97  7:45  Pylon  
  97  7:47  Stalker x3  
  97  7:48  Stalker  
  105  7:53  Pylon  
  91  8:05  Stalker x2  
  91  8:10  Stalker x3  
  91  8:12  Zealot  
  102  8:13  Probe  
  102  8:14  Probe  
  102  8:15  Pylon  
  104  8:24  Probe  
  104  8:25  Probe  
  106  8:31  Zealot x4  
  106  8:32  Zealot  
  116  8:35  Zealot x3  
  116  8:40  Assimilator  
  122  8:41  Assimilator  
  120  8:54  Stalker x5  
  120  9:08  Zealot x3  
Tags
 
Add a new tag
Caveats
  • Supply blocks, unpowered buildings, or Contaminate may cause inaccurate times.
  • Supply counts are checked every 10 seconds.